 Dungeon Crawl Stone Soup version 0.29-a0-11-ga75d3d97ab (webtiles) character file.

Game seed: 12174292580021523885

383 testman the Skirmisher (level 6, 0/69 (71) HPs)
             Began as an Ogre Berserker on Jan 28, 2022.
             Was a Believer of Trog.
             Killed from afar by Crazy Yiuf (12 damage)
             ... with a puff of flame
             ... on level 4 of the Dungeon.
             The game lasted 00:08:55 (4385 turns).

testman the Skirmisher (Ogre Berserker)             Turns: 4385, Time: 00:08:56

HP:   0/69 (71)     AC:  3    Str: 24    XL:     6   Next: 76%
MP:   6/6           EV: 10    Int:  8    God:    Trog [**....]
Gold: 106           SH:  0    Dex:  8    Spells: 5/5 levels left

rFire   . . .      SeeInvis .   l - +0 flail
rCold   . . .      Faith    .   (no shield)
rNeg    . . .      Spirit   .   b - +0 animal skin
rPois   .          Reflect  .   (helmet restricted)
rElec   .          Harm     .   (no cloak)
rCorr   .          Rampage  .   (gloves unavailable)
Will    ++...                   (boots unavailable)
Stlth   +.........              (no amulet)
HPRegen 1.21/turn               (no ring)
MPRegen 0.10/turn               (no ring)

@: strong-willed, regenerating, slowed, lightly drained, very slow
A: large, unfitting armour, tough skin 1
a: Renounce Religion, Berserk, Trog's Hand


You were on level 4 of the Dungeon.
You worshipped Trog.
Trog was pleased with you.
You visited 1 branch of the dungeon, and saw 4 of its levels.

You collected 106 gold pieces.

Inventory:

Hand Weapons
 l - a +0 flail (weapon)
Missiles
 a - 6 poisoned darts
 d - 90 stones (quivered)
 q - a throwing net
 r - 6 atropa-tipped darts
Armour
 b - a +0 animal skin (worn)
Wands
 s - a wand of iceblast (9)
Scrolls
 e - 6 scrolls of noise {unknown}
 g - 2 scrolls of fear {unknown}
 j - a scroll of fog {unknown}
 k - a scroll of holy word {unknown}
 o - a scroll of immolation {unknown}
 p - a scroll of identify {unknown}
 t - a scroll of teleportation {unknown}
Potions
 c - 4 potions of haste {unknown}
 f - 5 potions of curing {unknown}
 h - a potion of mutation {unknown}
 i - a potion of attraction {unknown}
 m - a potion of ambrosia {unknown}
 n - a potion of cancellation {unknown}


   Skills:
 + Level 7.4 Fighting
 + Level 5.1 Maces & Flails
 - Level 2.6 Dodging


You had 5 spell levels left.
You didn't know any spells.
Your spell library was empty.

Dungeon Overview and Level Annotations

Branches:
Dungeon (4/15)
 Temple: D:4-7

Altars:

Shops:
D:1 [

Annotations:
D:4 Crazy Yiuf


Innate Abilities, Weirdness & Mutations

You are too large for most types of armour.
You have tough skin. (AC +1)


Message History

No target in view!
No target in view!
t - a scroll labelled LISEN RANESH
Found a stone staircase leading down.
Found a short sword.
You see here a +0 short sword.
g - 2 scrolls labelled AHONNU OTA (gained 1)
Found a mace.
Found a runed translucent door.
Crazy Yiuf shouts!
You open the door. You hit Crazy Yiuf.
Crazy Yiuf is lightly wounded.
Crazy Yiuf barely misses you.
Crazy Yiuf sings, "Trees, trees, trees, circus!"
Crazy Yiuf hits you with a +4 quarterstaff of chaos!
Crazy Yiuf burns you.
You barely miss Crazy Yiuf.
Crazy Yiuf is lightly wounded.
Crazy Yiuf hits you with a +4 quarterstaff of chaos!
You feel drained.
You closely miss Crazy Yiuf.
Crazy Yiuf is lightly wounded.
Crazy Yiuf barely misses you.
You hit Crazy Yiuf but do no damage.
Crazy Yiuf is lightly wounded.
Crazy Yiuf hits you with a +4 quarterstaff of chaos!
You feel yourself slow down.
You closely miss Crazy Yiuf.
Crazy Yiuf is lightly wounded.
Crazy Yiuf hits you with a +4 quarterstaff of chaos!
Crazy Yiuf yells, "Rot!"
Crazy Yiuf hits you with a +4 quarterstaff of chaos!
* * * LOW HITPOINT WARNING * * *
Crazy Yiuf burns you.
* * * LOW HITPOINT WARNING * * *
Okay, then.
Your skin crawls.
You feel strong-willed.
Crazy Yiuf zaps a wand.
The puff of flame hits you!
You die...

### ##### ..#
##...# #.###...##
#.....#..#######
..###...#....#.###
### #.#
##........#.@##...#
#.#
#.......####g'...#
#.# #.#....##
###..)# #.#
#.###### ### #.#
#.# #.# #.# ....
#.## #


You could see Crazy Yiuf.

Vanquished Creatures
  Sigmund (D:4)
  A black bear (D:4)
  Ijyb (D:4)
  3 adders
  3 worms (D:2)
  A dart slug (D:1)
  5 orcs
  6 ball pythons
  8 endoplasms
  2 giant cockroaches
  5 goblins
  5 hobgoblins
  4 quokkas
  3 bats
  5 frilled lizards
  12 kobolds
  6 rats
71 creatures vanquished.

Vanquished Creatures (others)
  3 plants (D:2)
3 creatures vanquished.

Grand Total: 74 creatures vanquished

Notes
Turn   | Place    | Note
-------+----------+-------------------------------------------
     0 | D:1      | testman the Ogre Berserker began the quest for the Orb.
     0 | D:1      | Reached XP level 1. HP: 24/24 MP: 1/1
   413 | D:1      | Reached XP level 2. HP: 30/33 MP: 2/2
   534 | D:1      | Found a faded altar of an unknown god.
   879 | D:1      | Found Gelud Oseg's Armour Boutique.
  1199 | D:2      | Reached XP level 3. HP: 41/41 MP: 3/3
  1542 | D:2      | Reached skill level 5 in Fighting
  1951 | D:2      | Reached XP level 4. HP: 50/50 MP: 4/4
  2174 | D:2      | Reached ** piety under Trog
  3840 | D:4      | Noticed a black bear
  3845 | D:4      | Killed a black bear
  3846 | D:4      | Reached skill level 6 in Fighting
  3846 | D:4      | Reached XP level 5. HP: 61/61 MP: 5/5
  3980 | D:4      | Noticed Sigmund
  3986 | D:4      | Killed Sigmund
  3987 | D:4      | Reached skill level 7 in Fighting
  3987 | D:4      | Reached skill level 5 in Maces & Flails
  3987 | D:4      | Reached XP level 6. HP: 71/71 MP: 6/6
  4063 | D:4      | Noticed Ijyb
  4085 | D:4      | Killed Ijyb
  4374 | D:4      | Found a runed translucent door.
  4375 | D:4      | Noticed Crazy Yiuf
  4385 | D:4      | Killed from afar by Crazy Yiuf

Illustrated notes

Levels and vault maps discovered:
D:1:      matt_arrival_grand_opening, layout_basic, serial_shops, shop,
          shapermc_ecumenical_altar_mp_highgroup
D:2:      layout_basic, lexackson_kobold_supper
D:3:      layout_loops_ring
D:4:      layout_loops_ring, gammafunk_temple_overflow_claw,
          nicolae_overflow_crystal_walls, minivault_4, mrwooster_statue_mirror,
          uniq_crazy_yiuf_cottage, uniq_sigmund, uniq_ijyb, uniq_pikel

Skill      XL: |  1  2  3  4  5 |
---------------+----------------+-----
Maces & Flails | 3 4 5 |  5.1
Fighting       | 5 6 7 |  7.4
Dodging        | |  2.6

Action                   |  1- 3 |  4- 6 || total
-------------------------+-------+-------++-------
Melee: Mace              |    96 |    32 ||   128
       Flail             |       |   103 ||   103
       Punch             |       |     3 ||     3
Throw: Stone             |     7 |     6 ||    13
Invok: Berserk           |     2 |     2 ||     4
       Trog's Hand       |       |     1 ||     1
Armor: Animal skin       |    29 |    21 ||    50
Dodge: Dodged            |    56 |    77 ||   133

Table legend: (Time is in decaauts)
 A = Elapsed time spent in this place.
 B = Non-inter-level travel time spent in this place.
 C = Inter-level travel time spent in this place.
 D = Time resting spent in this place.
 E = Time spent auto-exploring this place.
 F = Levels seen in this place.
 G = Mean time per level.
                   A        B        C        D        E       F      G
               +--------+--------+--------+--------+--------+-----+--------+
         Total |   4477 |   4327 |    150 |   1046 |   2704 |   4 | 1119.2 |
       Dungeon |   4477 |   4327 |    150 |   1046 |   2704 |   4 | 1119.2 |
               +--------+--------+--------+--------+--------+-----+--------+

Top non-repeatable levels by time:
     D:2: 1969 daAuts
     D:1: 1057 daAuts
     D:3: 876 daAuts
     D:4: 574 daAuts
